 Dungeon Crawl Stone Soup version 0.28.0-53-g5a82cb258f (webtiles) character file.

Game seed: 17981992532802778405

1707 DildoBatman the Magician (level 9, -1/48 (66) HPs)
             Began as a Formicid Conjurer on May 30, 2022.
             Slain by a kobold
             ... wielding a +0 whip
              (2 damage)
             ... on level 7 of the Dungeon.
             The game lasted 00:16:57 (5417 turns).

DildoBatman the Magician (Formicid Conjurer)        Turns: 5417, Time: 00:16:57

HP:   -1/48 (66)    AC:  4    Str: 14      XL:     9   Next: 23%
MP:   19/19         EV: 12    Int: 18      God:
Gold: 355           SH:  0    Dex: 12 (13) Spells: 11/22 levels left

rFire   . . .      SeeInvis +   a - +2 dagger (venom)
rCold   . . .      Faith    .   (no shield)
rNeg    . . .      Spirit   .   h - +0 robe
rPois   .          Reflect  .   (helmet unavailable)
rElec   .          Harm     .   (no cloak)
rCorr   .          Rampage  .   s - +1 pair of gloves
Will    .....                   (no boots)
Stlth   ++........              r - amulet of regeneration
HPRegen 0.96/turn               (no ring)
MPRegen 0.16/turn               (no ring)

@: very heavily drained
A: permanent stasis, dig shafts and tunnels, antennae 3, four strong arms,
talons 1, deterioration 1, strong 1
a: Dig, Shaft Self


You were on level 7 of the Dungeon.
You visited 1 branch of the dungeon, and saw 7 of its levels.

You collected 355 gold pieces.

Inventory:

Hand Weapons
 a - a +2 dagger of venom (weapon)
 b - a +3 vorpal flail
 c - a +0 hunting sling
Missiles
 j - 264 stones
 p - 65 arrows
 u - 79 sling bullets
 x - 3 boomerangs
 y - 25 bolts
Armour
 h - a +0 robe (worn)
 s - a +1 pair of gloves (worn)
Jewellery
 f - a ring of fire
 g - an amulet of the acrobat
 r - an amulet of regeneration (around neck)
Scrolls
 d - 2 scrolls of vulnerability
 k - 3 scrolls of teleportation
 l - a scroll of identify
 o - a scroll of noise {unknown}
 q - 2 scrolls of fear
 w - a scroll of amnesia {unknown}
 z - a scroll of holy word {unknown}
 A - a scroll of enchant weapon {unknown}
Potions
 e - 2 potions of mutation
 i - a potion of attraction {unknown}
 n - a potion of degeneration {unknown}
 t - a potion of berserk rage {unknown}
 v - a potion of cancellation {unknown}


   Skills:
 * Level 4.7 Fighting
 * Level 4.7 Armour
 - Level 1.7 Dodging
 - Level 2.4 Stealth
 - Level 7.0 Spellcasting
 - Level 6.0 Conjurations
 * Level 2.3 Necromancy
 * Level 2.2 Ice Magic


You had 11 spell levels left.
You knew the following spells:

 Your Spells              Type           Power      Damage    Failure   Level
a - Searing Ray           Conj           54%        2d6       1%          2
b - Frozen Ramparts       Ice            28%        1d4       13%         3
c - Magic Dart            Conj           100%       1d8       1%          1
d - Vampiric Draining     Necr           14%        2d7       13%         3
z - Sublimation of Blood  Necr           14%        N/A       6%          2

Your spell library contained the following spells:

 Spells                   Type           Power      Damage    Failure   Level
 Animate Skeleton         Necr           28%        N/A       4%          1
 Freeze                   Ice            56%        1d7       4%          1
 Pain                     Necr           56%        1d6       4%          1
 Dazzling Flash           Conj/Hex       34%        N/A       10%         3
 Hailstorm                Conj/Ice       21%        3d6       21%         4
 Fulminant Prism          Conj/Hex       8%         3d7       30%         4
 Iskenderun's Mystic Bla  Conj/Tloc      17%        2d5       30%         4
 Tukima's Dance           Hex            6%         N/A       32%         3
 Irradiate                Conj/Tmut      8%         3d16      65%         5
 Passage of Golubria      Tloc           6%         N/A       71%         4
 Petrify                  Tmut/Erth      6%         N/A       71%         4
 Yara's Violent Unravell  Hex/Tmut       3%         3d4       96%         5


Dungeon Overview and Level Annotations

Branches:
Dungeon (7/15)
 Temple: D:4-7

Altars:
Cheibriados
Makhleb

Annotations:
D:3 exclusions: bat and jackal, Terence
D:4 exclusions: iguana and sensed monster (detected), Ijyb
D:5 exclusion: orc warrior
D:7 Duvessa, Menkaure, Prince Ribbit


Innate Abilities, Weirdness & Mutations

You cannot be hasted, slowed, berserked, paralysed or teleported.
You can dig through walls and to a lower floor.
You have a pair of large antennae on your head. (SInv)
Your four strong arms can wield two-handed weapons with a shield.
You have sharp toenails.
Your body sometimes deteriorates upon taking damage.
Your muscles are strong. (Str +2)


Message History

You dig through the rock wall.
You feel drained.
You feel sick.
You dig through the rock wall.
You feel drained.
You feel sick.
You dig through the rock wall.
You feel drained.
You feel sick.
The kobold shouts! x2
The kobold throws a stone.
The stone hits you but does no damage.
You retract your mandibles.
Found a leather armour.
You feel sick.
You are no longer poisoned.
The kobold barely misses you.
The kobold throws a stone.
The stone misses you.
The kobold throws a stone.
The stone closely misses you.
The stone misses the kobold.
The kobold shouts! x2
The kobold hits you with a +0 whip.
You barely miss the kobold. The kobold hits you with a +0 club.
The yak completely misses you. The kobold hits you but does no damage.
The kobold hits you with a +0 dagger. The kobold hits you with a +0 whip.
You hit the kobold.
The kobold is poisoned.
The kobold is severely wounded.
You kill the kobold!
The kobold hits you but does no damage. x2
The yak gores you!
Your body deteriorates!
You feel clumsy. The kobold hits you with a +0 whip.
You die...

#### ##..####
##......## ##5#{.....#
.. ####K##.{....##
....####YY.###.......#
......)@KFY##........#
.#...##KKK..#....F...##
..# ##K(...K..##....##
#......#..###....#
...#...## ......###.#
...... ........#
.#.....# #.###{...#
......{{K .#......#
#.Y.{.K.## ..#..{K{.
.##.....[. #.###..###
....{..KK####
.........######{{#.


You could see Prince Ribbit, 3 yaks, a kobold brigand, a shadow imp and 6
kobolds.

Vanquished Creatures
  A yak (D:7)
  An ice beast (D:5)
  A sky beast (D:6)
  A necrophage (D:4)
  A black bear (D:5)
  2 centaurs
  2 ogres
  2 bullfrogs
  3 scorpions
  A howler monkey (D:6)
  An orc priest (D:5)
  4 iguanas
  4 orc wizards
  A killer bee zombie (D:7)
  A hound skeleton (D:4)
  Robin (D:3)
  8 gnolls
  3 adders
  A howler monkey skeleton (D:6)
  2 ufetubi (D:6)
  13 dart slugs
  23 orcs
  2 ball pythons
  6 endoplasms
  4 giant cockroaches
  13 goblins
  11 hobgoblins
  7 jackals
  5 quokkas
  3 bats
  A frilled lizard (D:2)
  4 kobolds
  5 rats
138 creatures vanquished.

Vanquished Creatures (others)
  An orc (D:6)
1 creature vanquished.

Grand Total: 139 creatures vanquished

Notes
Turn   | Place    | Note
-------+----------+-------------------------------------------
     0 | D:1      | DildoBatman the Formicid Conjurer began the quest for the
                  | Orb.
     0 | D:1      | Reached XP level 1. HP: 13/13 MP: 3/3
   367 | D:1      | Reached XP level 2. HP: 12/19 MP: 0/5
   370 | D:1      | Learned a level 2 spell: Searing Ray
   509 | D:1      | Reached XP level 3. HP: 11/24 MP: 1/6
  1184 | D:2      | Reached XP level 4. HP: 20/31 MP: 7/7
  1222 | D:2      | Reached skill level 1 in Fighting
  1222 | D:2      | Reached skill level 1 in Armour
  1225 | D:2      | Found a faded altar of an unknown god.
  1254 | D:2      | Found a snail-covered altar of Cheibriados.
  1522 | D:3      | Reached XP level 5. HP: 37/37 MP: 3/8
  1575 | D:3      | Reached skill level 5 in Conjurations
  1594 | D:3      | Noticed Robin
  1666 | D:3      | Killed Robin
  1696 | D:3      | Reached skill level 3 in Spellcasting
  1718 | D:3      | Reached XP level 6. HP: 39/41 MP: 8/10
  1755 | D:3      | Noticed Terence
  2120 | D:4      | Noticed a necrophage
  2129 | D:4      | Killed a necrophage
  2224 | D:4      | Noticed Ijyb
  2524 | D:4      | Reached skill level 4 in Spellcasting
  2821 | D:5      | Entered Level 5 of the Dungeon
  2855 | D:5      | Reached XP level 7. HP: 50/50 MP: 13/13
  3385 | D:5      | Reached skill level 5 in Spellcasting
  3970 | D:5      | Reached skill level 6 in Spellcasting
  3970 | D:5      | Reached XP level 8. HP: 37/56 MP: 8/17
  4196 | D:6      | Reached skill level 7 in Spellcasting
  4541 | D:6      | Learned a level 2 spell: Sublimation of Blood
  4545 | D:6      | Learned a level 3 spell: Vampiric Draining
  4549 | D:6      | Learned a level 3 spell: Frozen Ramparts
  4802 | D:6      | Found a burning altar of Makhleb.
  5083 | D:7      | Reached skill level 1 in Necromancy
  5083 | D:7      | Reached skill level 1 in Ice Magic
  5132 | D:7      | Reached XP level 9. HP: 48/65 MP: 19/19
  5217 | D:7      | Noticed Duvessa
  5248 | D:7      | Noticed Menkaure
  5307 | D:7      | Noticed Prince Ribbit
  5363 | D:7      | Gained mutation: You have sharp toenails. [potion of
                  | mutation]
  5363 | D:7      | Gained mutation: Your body sometimes deteriorates upon
                  | taking damage. [potion of mutation]
  5363 | D:7      | Gained mutation: Your muscles are strong. (Str +2) [potion
                  | of mutation]
  5375 | D:7      | HP: 3/60 [yak (10)]
  5417 | D:7      | HP: 1/48 [yak (15)]
  5417 | D:7      | Slain by a kobold

Illustrated notes

Levels and vault maps discovered:
D:1:      kilobyte_arrival_exit_the_forest, layout_rooms,
          minmay_misc_feat_four_crosses, moated_statue
D:2:      layout_loops_ring, basic_ecumenical_altar, basic_altar,
          dk_noncrumbling_4, grunt_decor_clamped
D:3:      kennysheep_slugbush, layout_rooms, uniq_terence, uniq_robin
D:4:      layout_cave_pools, uniq_ijyb
D:5:      layout_layer_cave
D:6:      layout_loops_ring, mainiacjoe_overflow_boulevard
D:7:      layout_cave_pools, minmay_temple_entry_wispy, uniq_prince_ribbit1,
          uniq_menkaure, uniq_duvessa

Skill      XL: |  1  2  3  4  5  6  7  8  9 |
---------------+----------------------------+-----
Conjurations   | 4 5 6 |  6.0
Fighting       | 1 2 4 |  4.7
Armour         | 1 2 4 |  4.7
Spellcasting   | 3 4 6 7 |  7.0
Necromancy     | 1 2 |  2.3
Ice Magic      | 1 2 |  2.2
Dodging        | |  1.7
Stealth        | |  2.4

Action                   |  1- 3 |  4- 6 |  7- 9 || total
-------------------------+-------+-------+-------++-------
Melee: Unarmed           |    18 |       |       ||    18
       Club              |    17 |       |       ||    17
       Dagger            |    26 |   185 |   163 ||   374
       Punch             |       |     1 |     2 ||     3
       Flail             |       |     3 |       ||     3
       Kick              |       |       |     4 ||     4
 Cast: Magic Dart        |    17 |     8 |     4 ||    29
       Searing Ray       |     2 |     7 |    13 ||    22
 Abil: Dig               |       |     2 |     4 ||     6
  Use: Scroll            |       |     1 |     3 ||     4
       Potion            |       |       |     5 ||     5
 Stab: Sleeping          |       |     1 |       ||     1
Armor: Robe              |    12 |    35 |    39 ||    86
Dodge: Dodged            |    49 |   118 |   152 ||   319
